Map: Blackpink LE

Players

ShoWTimE

  • Race: Protoss Protoss
  • League: Grandmaster
  • Spawn Location: 1:00

Starbuck - Winner!

  • Race: Zerg Zerg
  • League: Grandmaster
  • Spawn Location: 7:00

Event: WESG Barcelona European Finals 2017

VOD

https://youtu.be/PhWBajLimL8?t=2m38s

Description

Time

  • Played on: Nov. 24, 2017, 7:03 a.m.
  • Length: 10:02

All games in this series

Show
View Real Time Build Order
Export as new Build Order

ShoWTimE Protoss 

Build Orders: 1 Gate Expand, Oracle Opening 

Get SALT Encoding   

  12  0:00  Probe  
  13  0:12  Probe  
  14  0:19  Pylon  
  14  0:24  Probe  
  15  0:37  Probe (Chrono Boost)  
  15  0:38  Assimilator  
  16  0:47  Probe (Chrono Boost)  
  16  0:49  Gateway  
  17  0:52  Probe  
  19  1:04  Probe (Chrono Boost)  
  19  1:16  Probe (Chrono Boost)  
  20  1:26  Nexus  
  20  1:36  Cybernetics Core  
  20  1:39  Probe  
  21  1:45  Assimilator  
  21  1:51  Probe  
  21  1:53  Pylon  
  22  2:03  Probe  
  23  2:13  Adept (Chrono Boost)  
  26  2:15  Probe  
  26  2:19  Stargate  
  26  2:27  Probe  
  26  2:28  Warp Gate  
  27  2:33  Adept  
  29  2:38  Probe  
  29  2:39  Probe  
  31  2:50  Probe  
  32  2:52  Probe  
  33  3:02  Probe  
  33  3:04  Probe, Adept, Oracle (Chrono Boost)  
  40  3:14  Probe  
  40  3:16  Probe  
  42  3:20  Pylon  
  42  3:26  Probe  
  43  3:28  Probe  
  43  3:31  Gateway  
  44  3:38  Void Ray (Chrono Boost)  
  44  3:39  Probe  
  44  3:40  Probe  
  50  3:44  Shield Battery  
  49  3:51  Probe  
  49  3:52  Pylon  
  49  3:53  Gateway  
  50  4:00  Probe (Chrono Boost)  
  51  4:03  Probe (Chrono Boost)  
  51  4:04  Assimilator  
  51  4:07  Assimilator  
  54  4:13  Probe x2 (Chrono Boost)  
  54  4:17  Probe  
  54  4:20  Robotics Facility  
  54  4:22  Probe (Chrono Boost), Pylon  
  56  4:29  Probe (Chrono Boost)  
  59  4:40  Probe x2 (Chrono Boost)  
  59  4:43  Probe  
  59  4:44  Probe  
  61  4:47  Nexus  
  61  4:49  Pylon  
  61  4:55  Sentry, Probe  
  61  4:56  Sentry, Probe  
  67  5:00  Pylon  
  67  5:02  Sentry  
  69  5:07  Probe  
  69  5:08  Probe  
  69  5:10  Observer, Twilight Council  
  72  5:14  Forge  
  72  5:19  Probe  
  72  5:20  Probe  
  74  5:22  Robotics Bay  
  74  5:32  Probe  
  74  5:33  Probe  
  74  5:34  Pylon  
  76  5:37  Immortal (Chrono Boost)  
  76  5:38  Protoss Ground Weapons Level 1  
  80  5:48  Blink (Chrono Boost)  
  80  5:56  Gateway x2  
  80  6:00  Shield Battery  
  80  6:02  Colossus (Chrono Boost)  
  80  6:07  Shield Battery  
  80  6:08  Shield Battery  
  86  6:14  Zealot x2  
  90  6:19  Probe, Shield Battery  
  90  6:20  Probe x2  
  90  6:24  Extended Thermal Lance (Chrono Boost)  
  93  6:28  Shield Battery  
  93  6:32  Probe x2  
  95  6:34  Probe  
  95  6:37  Assimilator  
  95  6:39  Assimilator  
  96  6:43  Pylon  
  96  6:44  Probe x2, Colossus (Chrono Boost)  
  104  6:47  Probe  
  105  6:56  Probe  
  105  6:57  Probe  
  105  6:58  Gateway  
  105  6:59  Gateway  
  107  7:04  Stalker  
  107  7:05  Stalker  
  111  7:13  Shield Battery  
  111  7:14  Pylon  
  111  7:27  Stalker x3  
  111  7:28  Photon Cannon  
  117  7:33  Colossus (Chrono Boost)  
  123  7:43  Pylon  
  115  7:45  Pylon  
  115  7:50  Stalker x4  
  116  7:53  Stalker  
  115  7:59  Stalker x2  
  115  8:02  Probe  
  113  8:13  Probe  
  113  8:14  Probe  
  113  8:15  Probe  
  113  8:16  Colossus (Chrono Boost)  
  113  8:19  Charge  
  104  8:20  Zealot x2, Cybernetics Core  
  104  8:21  Zealot x3  
  114  8:32  Templar Archives  
  114  8:37  Zealot x2, Gateway  
  114  8:40  Probe x2  
  120  8:44  Pylon  
  120  8:45  Zealot  
  122  8:53  Zealot  
  122  8:54  Zealot x2  
  122  9:04  Immortal (Chrono Boost)  
  122  9:06  Zealot x2  
  130  9:13  Pylon  
  126  9:17  High Templar x2  
  126  9:18  Zealot, Pylon  
  126  9:19  Pylon  
  126  9:21  Archon  
  132  9:35  Zealot x2  
  132  9:37  Shield Battery  
  129  9:48  Zealot  
  129  9:52  Stalker x2  
Show
View Real Time Build Order
Export as new Build Order

Starbuck Zerg - Winner!

Build Orders: Pool First, Lurkers 

Get SALT Encoding   

  12  0:00  Drone  
  13  0:12  Overlord  
  13  0:16  Drone  
  14  0:30  Drone x2  
  14  0:34  Drone  
  17  0:52  Drone  
  17  0:53  Spawning Pool  
  17  0:57  Drone  
  18  1:12  Hatchery  
  18  1:15  Drone  
  18  1:17  Drone  
  19  1:20  Extractor  
  18  1:27  Drone  
  19  1:39  Queen  
  19  1:40  Zergling x2  
  22  1:48  Overlord  
  22  1:57  Extractor  
  22  1:59  Drone  
  23  2:10  Drone  
  23  2:15  Queen  
  24  2:22  Metabolic Boost  
  26  2:23  Drone  
  26  2:24  Drone, Queen  
  30  2:35  Drone x2  
  32  2:43  Zergling x2  
  33  2:45  Overlord  
  33  2:48  Zergling x4  
  33  2:50  Drone  
  36  3:04  Drone x2  
  36  3:05  Drone  
  39  3:09  Overlord  
  38  3:17  Drone x2  
  40  3:22  Overlord  
  40  3:23  Drone x2  
  40  3:25  Drone  
  40  3:26  Drone  
  44  3:28  Spore Crawler  
  44  3:29  Drone x2  
  44  3:31  Lair  
  45  3:36  Drone  
  45  3:39  Drone  
  45  3:40  Extractor  
  46  3:44  Drone  
  46  3:47  Extractor  
  46  3:50  Drone  
  46  3:53  Overlord  
  46  3:54  Drone x2  
  49  4:05  Drone  
  49  4:07  Hatchery  
  49  4:08  Drone  
  50  4:13  Drone  
  50  4:14  Evolution Chamber  
  50  4:20  Drone x2  
  52  4:29  Drone x2  
  54  4:31  Drone  
  54  4:32  Drone x2, Extractor  
  54  4:33  Hydralisk Den  
  55  4:39  Zerg Missile Weapons Level 1  
  55  4:42  Overlord  
  55  4:43  Evolution Chamber, Queen  
  55  4:45  Drone  
  57  4:51  Overlord  
  57  4:59  Overlord  
  57  5:02  Drone x6  
  57  5:03  Drone x3  
  66  5:08  Muscular Augments  
  66  5:14  Drone x2  
  68  5:17  Hydralisk  
  68  5:21  Hydralisk  
  69  5:23  Hydralisk  
  69  5:24  Hydralisk  
  75  5:34  Drone  
  76  5:35  Extractor  
  76  5:37  Drone, Zerg Ground Armor Level 1  
  76  5:38  Lurker Den  
  76  5:39  Drone x3  
  78  5:44  Drone  
  78  5:46  Extractor  
  78  5:47  Drone x3  
  78  5:48  Drone  
  82  6:01  Drone  
  82  6:02  Drone  
  82  6:03  Spore Crawler  
  82  6:04  Overlord  
  83  6:06  Hydralisk x3  
  83  6:08  Overlord x2  
  89  6:16  Overlord  
  89  6:19  Overlord  
  89  6:23  Hydralisk x4  
  97  6:26  Overseer  
  97  6:28  Hydralisk x3  
  103  6:33  Hydralisk  
  103  6:38  Zergling x4  
  107  6:44  Hydralisk x2  
  107  6:45  Zergling x2  
  107  6:46  Zergling x2  
  113  6:47  Overlord x2  
  113  6:51  Hydralisk x2  
  117  6:56  Zergling x2  
  117  6:57  Zergling x6  
  121  7:01  Overlord  
  121  7:09  Lurker x4  
  121  7:11  Lurker  
  121  7:15  Hydralisk  
  126  7:16  Zergling x10  
  126  7:21  Hydralisk  
  126  7:22  Hydralisk  
  133  7:23  Zergling x6  
  136  7:36  Hydralisk x3  
  136  7:37  Hydralisk  
  133  7:39  Lurker  
  133  7:40  Zergling x2  
  141  7:48  Hydralisk x3  
  143  7:54  Hydralisk x2  
  143  7:56  Hydralisk  
  146  8:01  Hydralisk  
  146  8:04  Hydralisk  
  146  8:05  Zergling x4  
  146  8:06  Zergling x2  
  146  8:08  Zergling x4  
  146  8:09  Zergling x2  
  146  8:10  Zergling x4  
  146  8:11  Zergling x2  
  135  8:14  Hydralisk  
  135  8:19  Hydralisk x2  
  130  8:26  Spire  
  132  8:29  Zergling x4  
  134  8:36  Hydralisk x2  
  134  8:39  Hatchery  
  134  8:40  Hydralisk  
  139  8:47  Hydralisk x4  
  147  8:48  Zergling x2  
  147  8:49  Zergling x12  
  147  8:50  Overseer  
  143  9:05  Lurker  
  143  9:06  Lurker x2  
  143  9:09  Zergling x2  
  146  9:10  Zergling x8  
  146  9:11  Zergling x2  
  146  9:14  Lurker  
  146  9:15  Zergling x4  
  153  9:22  Overlord x2  
  148  9:36  Hydralisk x2  
  152  9:39  Extractor  
  152  9:40  Extractor  
Tags
 
Add a new tag
Caveats
  • Supply blocks, unpowered buildings, or Contaminate may cause inaccurate times.
  • Supply counts are checked every 10 seconds.